 Dungeon Sprint DCSS version 0.29-a0-222-g5b244fca1f (webtiles) character file.

Game seed: 16986035094898690216

6106 mhtbhm the Impaler (level 10, -15/103 HPs)
             Began as a Grey Draconian Berserker on Feb 27, 2022.
             Was a High Priest of Trog.
             Demolished by Urug
             ... wielding a +6 eveningstar
              (31 damage)
             ... in the Dungeon (Sprint III: "The Ten Rune Challenge").
             The game lasted 00:02:34 (2025 turns).

mhtbhm the Impaler (Grey Draconian Berserker)       Turns: 2025, Time: 00:02:36

Health: -15/103    AC: 14    Str: 23    XL:     10   Next: 58%
Magic:  10/10      EV: 16    Int:  8    God:    Trog [*****.]
Gold:   27         SH:  0    Dex: 11    Spells: 9/9 levels left

rFire   + + +      SeeInvis .   a - +10 glaive of Winter {vorpal, *Slow rElec rF+++ rCorr}
rCold   . . .      Faith    .   (shield currently unavailable)
rNeg    . . .      Spirit   .   (body armour unavailable)
rPois   .          Reflect  .   (helmet restricted)
rElec   +          Harm     .   i - +0 cloak
rCorr   +          Rampage  .   (no gloves)
Will    .....      Clarity  +   p - +0 pair of boots
Stlth   ++++...... NoTele   +   (no amulet)
HPRegen 0.27/turn               (no ring)
MPRegen 0.12/turn               (no ring)

@: no status effects
A: AC +12, amphibious, unfitting armour, cold-blooded, clarity, wild magic 1
a: Renounce Religion, Berserk, Trog's Hand, Brothers in Arms


You were in the Dungeon.
You worshipped Trog.
Trog was extremely pleased with you.
You visited 1 branch You collected 27 gold pieces.

Inventory:

Hand Weapons
 a - the +10 glaive of Winter (weapon) {vorpal, *Slow rElec rF+++ rCorr}
   (Trog gifted it to you in the Dungeon)

   It inflicts extra damage upon your enemies.
   rF:        It renders you almost immune to fire.
   rElec:     It insulates you from electricity.
   rCorr:     It protects you from acid and corrosion.
   *Slow:     It may slow you when you take damage.
Armour
 i - a +0 cloak (worn)
 p - a +0 pair of boots (worn)
Wands
 o - a wand of iceblast (3)
Scrolls
 g - a scroll of blinking
 k - a scroll of torment {unknown}
 l - 4 scrolls of identify
 n - a scroll of immolation {unknown}
Potions
 b - 2 potions of curing
 c - 4 potions of heal wounds
 d - a potion of haste
 e - 2 potions of magic
 f - 3 potions of berserk rage
 h - a potion of attraction {unknown}
 j - 2 potions of mutation
 m - 2 potions of flight
Miscellaneous
 q - a tin of tremorstones (2/2)


   Skills:
 + Level 14.2 Fighting
 + Level 16.8 Polearms
 + Level 10.8 Dodging
 + Level 9.7 Stealth


You had 9 spell levels left.
You didn't know any spells.
Your spell library was empty.

Dungeon Overview and Level Annotations

Branches:
Dungeon (1/1)

Altars:
Cheibriados
Dithmenos
Elyvilon
Fedhas
Gozag
Hepliaklqana
Kikubaaqudgha
Makhleb
Nemelex Xobeh
Okawaru
Qazlal
Ru
Sif Muna
Trog
Uskayaw
Vehumet
Wu Jian
Xom
Yredelemnul
Zin
The Shining One
Beogh
Jiyva
Lugonu

Annotations:
D Urug


Innate Abilities, Weirdness & Mutations

Your dull iron-grey scales are very hard. (AC +12)
You are amphibious.
You cannot fit into any form of body armour.
You are cold-blooded and may be slowed by cold attacks.
You possess an exceptional clarity of mind.
Your spells are a little harder to cast, but a little more powerful.


Message History

The lindwurm claws you but does no damage.
The lindwurm closely misses you.
You hit the lindwurm.
You kill the lindwurm!
Trog accepts your kill. Trog grants you a weapon!
Something appears at your feet!
You see here a +5 halberd.
Your Fighting skill increases to level 14!
You see here a +5 halberd.
A redback comes into view.
You slice the redback!!
You kill the redback!
Trog accepts your kill.
You start resting.
HP restored.
A redback comes into view.
The helpless redback fails to defend itself.
You slash the redback!
The redback is heavily wounded.
The redback completely misses you.
The redback bites you but does no damage.
You slash the redback!
You kill the redback!
Trog accepts your kill.
Urug the Orcish Ballista comes into view.
She is wielding a +6 eveningstar.
You see here a redback corpse.
Urug shouts!
Urug drinks a potion.
Urug goes berserk!
You slash Urug!
Urug is lightly wounded.
Urug hits you with a +6 eveningstar!!!
You slash Urug! You tail-slap Urug, but do no damage.
Urug is moderately wounded.
Urug hits you with a +6 eveningstar!!
You slice Urug!!
Urug is heavily wounded.
Urug hits you with a +6 eveningstar!!
* * * LOW HITPOINT WARNING * * *
Urug hits you with a +6 eveningstar!!
You die...

♣.....♣♣♣♣≈≈≈........)≈≈...##.#
♣.≈≈≈†'♣♣†♣≈≈≈≈≈≈≈≈≈≈≈≈♣♣P.'.#.
+.....#.≈♣♣♣♣♣♣♣♣♣♣♣♣♣♣♣♣PP##.#
♣♣♣♣♣♣#..♣♣ ♣♣♣# +# ###'♣♣♣♣♣
♣♣♣♣.##..## ♣...##.##.#
♣♣.##.##†##+ ♣..#.##.@.#
♣♣.##)##.o# ♣♣†##.##### ♣.....#
#######


You could see Urug (berserk).

Vanquished Creatures
  Josephine (D)
  A centaur warrior (D)
  A lindwurm (D)
  A deep elf pyromancer (D)
  2 cane toads (D)
  2 unseen horrors (D)
  A rime drake (D)
  A komodo dragon (D)
  2 tyrant leeches (D)
  A shadow (D)
  3 redbacks (D)
  A spatial vortex (D)
  A swamp drake (D)
  3 wandering mushrooms (D)
  A necrophage (D)
  2 centaurs (D)
  An earth elemental (D)
  A water elemental (D)
  A jelly (D)
  Crazy Yiuf (D)
  Jessica (D)
  A necromancer (D)
  A wizard (D)
  3 humans (D)
  A kobold demonologist (D)
  An endoplasm (D)
  2 rats (D)
38 creatures vanquished.

Notes
Turn   | Place    | Note
-------+----------+-------------------------------------------
     0 | D        | mhtbhm the Draconian Berserker began the quest for the Orb.
     0 | D        | Reached XP level 1. HP: 19/19 MP: 1/1
    31 | D        | Reached ** piety under Trog
    42 | D        | Noticed Jessica
    53 | D        | Killed Jessica
    54 | D        | Reached skill level 4 in Polearms
    54 | D        | Reached skill level 1 in Stealth
    54 | D        | Reached XP level 2. HP: 5/28 MP: 2/2
    54 | D        | Reached XP level 3. HP: 7/35 MP: 3/3
   312 | D        | Noticed Crazy Yiuf
   319 | D        | Killed Crazy Yiuf
   320 | D        | Reached skill level 5 in Fighting
   320 | D        | Reached skill level 5 in Polearms
   327 | D        | Reached XP level 4. HP: 44/44 MP: 4/4
   434 | D        | Gained mutation: Your spells are a little harder to cast,
                  | but a little more powerful. [potion of mutation]
   434 | D        | Gained mutation: You possess an exceptional clarity of
                  | mind. [potion of mutation]
   439 | D        | Noticed a water elemental
   447 | D        | Killed a water elemental
   447 | D        | Reached *** piety under Trog
   448 | D        | Reached skill level 6 in Polearms
   448 | D        | Reached skill level 5 in Dodging
   521 | D        | Found a basalt altar of Yredelemnul.
   521 | D        | Found a shadowy altar of Dithmenos.
   521 | D        | Found a sacrificial altar of Ru.
   521 | D        | Noticed a necrophage
   526 | D        | Reached XP level 5. HP: 45/52 MP: 5/5
   536 | D        | Killed a necrophage
   537 | D        | Reached skill level 7 in Polearms
   661 | D        | Found a radiant altar of Vehumet.
   661 | D        | Found a shimmering blue altar of Sif Muna.
   661 | D        | Found an ancient bone altar of Kikubaaqudgha.
   668 | D        | Reached **** piety under Trog
   669 | D        | Reached skill level 8 in Polearms
   669 | D        | Reached XP level 6. HP: 61/61 MP: 6/6
   736 | D        | Found a glowing silver altar of Zin.
   736 | D        | Found a glowing golden altar of the Shining One.
   736 | D        | Found a white marble altar of Elyvilon.
   737 | D        | Noticed a deep elf pyromancer
   749 | D        | Killed a deep elf pyromancer
   750 | D        | Reached skill level 10 in Polearms
   750 | D        | Reached skill level 5 in Stealth
   750 | D        | Your scales start taking on a dull iron-grey colour.
   750 | D        | Reached XP level 7. HP: 71/71 MP: 7/7
   814 | D        | Found a hide-covered altar of Uskayaw.
   814 | D        | Found an iron altar of Okawaru.
   814 | D        | Found a bloodstained altar of Trog.
   814 | D        | Found an ornate altar of the Wu Jian Council.
   814 | D        | Noticed a human
   817 | D        | Noticed a human
   823 | D        | Killed a human
   824 | D        | Reached skill level 10 in Fighting
   826 | D        | Killed a human
   826 | D        | Reached ***** piety under Trog
   827 | D        | Reached skill level 11 in Polearms
   933 | D        | Noticed a shadow
   944 | D        | Killed a shadow
   945 | D        | Reached XP level 8. HP: 65/80 MP: 8/8
  1130 | D        | Found a blossoming altar of Fedhas.
  1130 | D        | Found a stormy altar of Qazlal.
  1130 | D        | Found a snail-covered altar of Cheibriados.
  1130 | D        | Found a burning altar of Makhleb.
  1130 | D        | Found a shimmering altar of Xom.
  1131 | D        | Found a hazy altar of Hepliaklqana.
  1131 | D        | Found an opulent altar of Gozag.
  1131 | D        | Found a sparkling altar of Nemelex Xobeh.
  1131 | D        | Found a corrupted altar of Lugonu.
  1131 | D        | Found a viscous altar of Jiyva.
  1163 | D        | Noticed Josephine
  1175 | D        | Killed Josephine
  1175 | D        | Identified the +10 glaive of Winter {vorpal, *Slow rElec
                  | rF+++ rCorr} (Trog gifted it to you in the Dungeon)
  1175 | D        | Received a gift from Trog
  1176 | D        | Reached skill level 12 in Polearms
  1331 | D        | Reached skill level 13 in Polearms
  1339 | D        | Noticed a centaur warrior
  1345 | D        | Killed a centaur warrior
  1346 | D        | Reached XP level 9. HP: 90/90 MP: 9/9
  1350 | D        | Reached skill level 14 in Polearms
  1478 | D        | Killed an unseen horror
  1482 | D        | Killed an unseen horror
  1559 | D        | Noticed a wandering mushroom
  1563 | D        | Noticed a wandering mushroom
  1565 | D        | Noticed a wandering mushroom
  1568 | D        | Received a gift from Trog
  1634 | D        | Killed a wandering mushroom
  1635 | D        | Reached skill level 15 in Polearms
  1672 | D        | Noticed a cane toad
  1672 | D        | Noticed a komodo dragon
  1672 | D        | Noticed a cane toad
  1675 | D        | Killed a cane toad
  1676 | D        | Reached skill level 10 in Dodging
  1676 | D        | Reached XP level 10. HP: 101/101 MP: 10/10
  1676 | D        | Killed a cane toad
  1730 | D        | Reached skill level 16 in Polearms
  1977 | D        | Noticed a lindwurm
  1981 | D        | Killed a lindwurm
  1981 | D        | Received a gift from Trog
  2021 | D        | Noticed Urug
  2025 | D        | Demolished by Urug

Illustrated notes

Levels and vault maps discovered:
D:        dungeon_sprint_mu [sprint_mu_entry_cave, sprint_mu_temple_rooms,
          sprint_mu_d1_horrors, sprint_mu_d2_genie, sprint_mu_d3_branching,
          sprint_mu_orc_legion, sprint_mu_elf_gauntlet, sprint_mu_hive_nellie,
          sprint_mu_lair_fedhas, sprint_mu_vaults_butterflies,
          sprint_mu_slime_circle, sprint_mu_shoals_archi,
          sprint_mu_snake_twists, sprint_mu_blade_basic,
          sprint_mu_crypt_chambers, sprint_mu_tomb_spiral,
          sprint_mu_vestibule_basic, sprint_mu_gehenna_hellfire,
          sprint_mu_dis_giant, sprint_mu_tartarus_statrot,
          sprint_mu_cocytus_islands, sprint_mu_zot1]

Skill      XL: |  1  2  3  4  5  6  7  8  9 10 |
---------------+-------------------------------+-----
Dodging        | 4 5 6 7 8 9 10 | 10.8
Fighting       | 4 5 7 8 9 10 12 13 14 | 14.2
Polearms       | 4 5 6 8 10 11 13 15 16 | 16.8
Stealth        | 1 2 3 5 6 8 9 |  9.7

Action                   |  1- 3 |  4- 6 |  7- 9 | 10-12 || total
-------------------------+-------+-------+-------+-------++-------
Melee: Spear             |    25 |    43 |    47 |       ||   115
       Punch             |     1 |       |     2 |       ||     3
       Tailslap          |       |     4 |    24 |     4 ||    32
       Glaive            |       |       |    38 |    29 ||    67
Invok: Berserk           |     2 |     3 |     5 |       ||    10
  Use: Potion            |       |     1 |       |       ||     1
 Stab: Sleeping          |     2 |     1 |     3 |     4 ||    10
Armor: Skin              |     1 |     2 |    28 |     6 ||    37
Dodge: Dodged            |     2 |     8 |    49 |     8 ||    67

Table legend: (Time is in decaauts)
 A = Elapsed time spent in this place.
 B = Non-inter-level travel time spent in this place.
 C = Inter-level travel time spent in this place.
 D = Time resting spent in this place.
 E = Time spent auto-exploring this place.
 F = Levels seen in this place.
 G = Mean time per level.
                   A        B        C        D        E       F      G
               +--------+--------+--------+--------+--------+-----+--------+
         Total |   2083 |   2083 |      0 |   1639 |     28 |   1 | 2083.0 |
       Dungeon |   2083 |   2083 |      0 |   1639 |     28 |   1 | 2083.0 |
               +--------+--------+--------+--------+--------+-----+--------+

Top non-repeatable levels by time:
       D: 2083 daAuts
